 Seeded DCSS version 0.30.1-6-gbe392663c4 (webtiles) character file.

Game seed: 15660985446129201502 (custom seed)

7364 AccursedSamuel the Cruncher (level 11, -8/67 HPs)
             Began as a Tengu Monk on Sept 21, 2023.
             Was a Believer of Nemelex Xobeh.
             Mangled by a cane toad (27 damage)
             ... on level 1 of the Lair of Beasts.
             The game lasted 00:22:18 (9675 turns).

AccursedSamuel the Cruncher (Tengu Monk)            Turns: 9675, Time: 00:22:18

Health: -8/67      AC: 25    Str: 16    XL:     11   Next: 14%
Magic:  12/12      EV: 12    Int: 11    God:    Nemelex Xobeh [**....]
Gold:   613        SH:  0    Dex: 16    Spells: 10/10 levels left

rFire   . . .        r - +4 quarterstaff (chaos)
rCold   + . .        (shield currently unavailable)
rNeg    . . .        x - +4 chain mail {rC+}
rPois   .            e - +2 hood of the Assassin {Detect Stab+ Stlth++}
rElec   .            b - +2 cloak {Stlth+}
rCorr   .            v - +0 pair of gloves
SInv    .            (boots unavailable)
Will    .....        (no amulet)
Stlth   ++++         o - +4 ring of protection
HPRegen 0.31/turn    (no ring)
MPRegen 0.13/turn

%: no passive effects
@: lethally poisoned (-8 -> -24), flying quickly and evasively, quick
A: beak, talons 3, nimble flight
a: Renounce Religion, Draw Escape, Draw Destruction, Draw Summoning


You were on level 1 of the Lair of Beasts.
You worshipped Nemelex Xobeh.
Nemelex Xobeh was pleased with you.
You visited 3 branches of the dungeon, and saw 10 of its levels.

You collected 613 gold pieces.

Inventory:

Hand Weapons
 r - a +4 quarterstaff of chaos (weapon)
Armour
 b - a +2 cloak of stealth (worn)
 d - an orb of light
 e - the +2 hood of the Assassin (worn) {Detect Stab+ Stlth++}
   (You acquired it on level 1 of the Dungeon)

   Detect:    It allows the wearer to sense nearby creatures.
   Stab+:     It allows the wearer to make particularly effective stabbing
   attacks against helpless or unaware enemies with any weapon.
   Stlth:     It makes you much more stealthy.
 v - a +0 pair of gloves (worn)
 x - a +4 chain mail of cold resistance (worn)
Jewellery
 o - a +4 ring of protection (left hand)
 s - a ring of protection from cold
Wands
 A - a wand of iceblast (12)
Scrolls
 f - a scroll of brand weapon {unknown}
 g - 7 scrolls of teleportation
 i - 2 scrolls of noise
 k - a scroll of immolation
 m - 3 scrolls of identify
 t - a scroll of torment
 y - a scroll of vulnerability {unknown}
 z - a scroll of silence
Potions
 a - a potion of curing
 c - 3 potions of ambrosia
 h - a potion of invisibility {unknown}
 j - a potion of degeneration
 l - 3 potions of attraction
 n - 4 potions of heal wounds
 p - a potion of magic
 q - 2 potions of flight
 u - 2 potions of haste
 w - a potion of lignification


   Skills:
 + Level 7.2 Fighting
 + Level 4.6 Axes
 + Level 11.4 Staves
 + Level 6.9 Armour
 + Level 7.2 Dodging
 + Level 7.3 Stealth


You had 10 spell levels left.
You didn't know any spells.
Your spell library contained the following spells:

 Spells                   Type           Power      Damage    Failure   Level
 Cigotuvi's Dreadful Rot  Necr/Pois/Air  0%         N/A       99%         2
 Ignite Poison            Fire/Tmut/Pois 0%         N/A       100%        3
 Dispel Undead            Necr           0%         3d6       100%        4
 Sticky Flame             Conj/Fire      0%         2d3       100%        4
 Death Channel            Necr           0%         N/A       100%        6
 Ignition                 Fire           0%         3d3       100%        8


Dungeon Overview and Level Annotations

Branches:
Dungeon (8/15)             Temple (1/1) D:7            Lair (1/5) D:8

Altars:
Ashenzari
Cheibriados
Dithmenos
Elyvilon
Gozag
Hepliaklqana
Kikubaaqudgha
Makhleb
Nemelex Xobeh
Okawaru
Qazlal
Ru
Sif Muna
Trog
Uskayaw
Vehumet
Wu Jian
Xom
Yredelemnul
Zin
Lugonu

Annotations:
D:6 3 runed translucent doors, turdburglar's ghost, novice AtWr
D:8 2 transporters
Lair:1 3 runed translucent doors, Raisev's ghost, journeyman HOFi
Abyss:1 Sigmund


Innate Abilities, Weirdness & Mutations

You have a beak for a mouth.
You have claws for feet.
Your magical nature lets you fly swiftly and evasively.


Message History

Your peck misses the cane toad.
The cane toad is moderately wounded.
You sock the cane toad!
The cane toad is moderately wounded.
The cane toad barely misses you.
The cane toad stings you but does no damage.
You sock the cane toad! You freeze the cane toad.
You claw the cane toad, but do no damage.
The cane toad is almost dead.
The cane toad closely misses you. The cane toad barely misses you.
You hit the cane toad.
The cane toad seems to grow stronger.
You claw the cane toad, but do no damage.
The cane toad is almost dead.
The cane toad stings you.
You are poisoned.
The cane toad poisons you! The cane toad barely misses you.
You feel very sick. The cane toad barely misses you.
You feel very sick. The cane toad stings you.
You are more poisoned.
The cane toad poisons you! The cane toad stings you!
You hit the cane toad but do no damage. Your peck misses the cane toad.
The cane toad is moderately wounded.
You feel very sick. The cane toad stings you! The cane toad barely misses you.
You thump the cane toad!
The cane toad seems to slow down.
You freeze the cane toad.
The cane toad is heavily wounded.
You feel very sick.
You closely miss the cane toad.
You claw the cane toad, but do no damage.
You peck the cane toad, but do no damage.
The cane toad is heavily wounded.
* * * LOW HITPOINT WARNING * * *
You feel very sick.
The cane toad is no longer moving slowly.
The cane toad stings you!!
You die...
Your body glows with a rainbow of weird colours and disappears.

### ###.# #.#.## .
##....# .. #P....##
#.#.# #...@F#......
#....F'......
##...#.#...♣..♣.♣.♣..
#....#..............#
#....###.......^....#
##...#####.###..♣..#
#.......####......#
#.......#.........#
##...##.....♣...#


You could see 2 cane toads.

Vanquished Creatures
  2 black mambas (Lair:1)
  A hornet (D:8)
  3 wyverns (D:8)
  11 yaks
  5 steam dragons
  Menkaure (D:6)
  Edmund (D:5)
  6 water moccasins (D:8)
  An orc warrior (D:7)
  A black bear (D:8)
  5 sky beasts
  3 centaurs
  2 ogres
  A kobold brigand (D:8)
  A gnoll sergeant (D:7)
  3 scorpions
  9 wights
  A killer bee (D:6)
  A howler monkey (D:6)
  4 hounds
  3 quasits (D:5)
  Crazy Yiuf (D:2)
  2 orc priests
  A jelly (D:8)
  5 iguanas
  Jessica (D:2)
  2 sleepcaps
  Ijyb (D:4)
  5 orc wizards
  4 adders
  8 gnolls
  4 shadow imps
  2 white imps (D:5)
  7 ufetubi
  A worm (D:4)
  2 dart slugs
  19 orcs
  9 endoplasms
  2 giant cockroaches (D:2)
  6 goblins
  9 hobgoblins
  11 kobolds
  6 quokkas
  6 ball pythons
  3 bats
  7 frilled lizards
  7 rats
  A spectral kobold (D:2)
197 creatures vanquished.

Vanquished Creatures (others)
  An orc zombie (D:6)
1 creature vanquished.

Grand Total: 198 creatures vanquished

Notes
Turn   | Place    | Note
-------+----------+-------------------------------------------
     0 | D:1      | AccursedSamuel the Tengu Monk began the quest for the Orb.
     0 | D:1      | Reached XP level 1. HP: 14/14 MP: 2/2
   107 | D:1      | Identified a scroll of acquirement
   107 | D:1      | Acquired the +2 hood of the Assassin {Detect Stab+ Stlth++}
   107 | D:1      | Found the +2 hood of the Assassin {Detect Stab+ Stlth++}
   112 | D:1      | Reached XP level 2. HP: 19/19 MP: 3/3
   518 | D:1      | Reached XP level 3. HP: 17/23 MP: 4/4
  1089 | D:2      | Found a faded altar of an unknown god.
  1232 | D:2      | Found a runed translucent door.
  1233 | D:2      | Noticed Crazy Yiuf
  1452 | D:2      | Noticed Jessica
  1464 | D:2      | Reached XP level 4. HP: 22/28 MP: 5/5
  1475 | D:2      | Killed Jessica
  1476 | D:2      | Reached skill level 1 in Stealth
  1681 | D:2      | Killed Crazy Yiuf
  1682 | D:2      | Gained mutation: Your magical nature lets you fly swiftly
                  | and evasively. [Tengu growth]
  1682 | D:2      | Reached XP level 5. HP: 14/32 MP: 6/6
  2081 | D:3      | Found an ornate altar of the Wu Jian Council.
  2186 | D:4      | Reached skill level 1 in Staves
  2368 | D:4      | Reached XP level 6. HP: 35/38 MP: 7/7
  2413 | D:4      | Reached skill level 2 in Staves
  2887 | D:4      | Noticed Ijyb
  2895 | D:4      | Noticed Sigmund
  2903 | D:4      | Killed Ijyb
  2906 | D:4      | Banished Sigmund
  2907 | D:4      | Reached skill level 3 in Staves
  2907 | D:4      | Reached XP level 7. HP: 26/43 MP: 8/8
  3261 | D:5      | Entered Level 5 of the Dungeon
  3369 | D:5      | Found a sacrificial altar of Ru.
  3443 | D:5      | Reached skill level 4 in Staves
  3532 | D:5      | Reached skill level 5 in Stealth
  3573 | D:5      | Reached XP level 8. HP: 10/48 MP: 9/9
  3575 | D:5      | Reached skill level 5 in Staves
  3576 | D:5      | Noticed Edmund
  3580 | D:5      | HP: 1/48 [Edmund/+2 heavy dire flail (4)]
  3801 | D:5      | Found a white marble altar of Elyvilon.
  3999 | D:5      | Killed Edmund
  4000 | D:5      | Reached skill level 5 in Dodging
  4664 | D:6      | Noticed Menkaure
  4695 | D:6      | Killed Menkaure
  4874 | D:6      | Reached skill level 1 in Armour
  4982 | D:6      | Reached skill level 6 in Staves
  5000 | D:6      | Noticed a yak
  5004 | D:6      | Noticed a yak
  5004 | D:6      | Noticed a yak
  5045 | D:6      | Killed a yak
  5049 | D:6      | Killed a yak
  5050 | D:6      | Reached skill level 5 in Fighting
  5050 | D:6      | Reached skill level 7 in Staves
  5050 | D:6      | Reached XP level 9. HP: 21/54 MP: 10/10
  5576 | D:6      | Found a hide-covered altar of Uskayaw.
  5835 | D:6      | Found a runed translucent gate.
  5835 | D:6      | Found a runed translucent gate.
  5837 | D:6      | Found a runed translucent gate.
  5844 | D:6      | Reached skill level 8 in Staves
  5860 | D:6      | Noticed turdburglar's ghost (novice AtWr)
  6288 | D:7      | Found a staircase to the Ecumenical Temple.
  6303 | Temple   | Entered the Ecumenical Temple
  6374 | Temple   | Became a worshipper of Nemelex Xobeh the Trickster
  6374 | Temple   | Reached * piety under Nemelex Xobeh
  6374 | Temple   | Received a gift from Nemelex Xobeh
  6374 | Temple   | Reached ** piety under Nemelex Xobeh
  7320 | D:8      | Reached skill level 9 in Staves
  7344 | D:8      | Reached skill level 5 in Armour
  7344 | D:8      | Reached XP level 10. HP: 22/60 MP: 11/11
  7855 | D:8      | Paralysed by a hornet for 1 turns
  7859 | D:8      | Reached skill level 10 in Staves
  8211 | D:8      | Found an ancient bone altar of Kikubaaqudgha.
  8766 | D:8      | Found a staircase to the Lair.
  8874 | D:8      | Reached skill level 11 in Staves
  8874 | D:8      | Reached XP level 11. HP: 46/67 MP: 12/12
  9206 | D:8      | Found a corrupted altar of Lugonu.
  9206 | D:8      | Noticed a brown ugly thing
  9247 | D:8      | Found a transporter.
  9248 | D:8      | Found a transporter.
  9248 | D:8      | Noticed a red ugly thing
  9299 | Lair:1   | Entered Level 1 of the Lair of Beasts
  9324 | Lair:1   | Found a runed translucent gate.
  9325 | Lair:1   | Found a runed translucent gate.
  9325 | Lair:1   | Noticed Raisev's ghost (journeyman HOFi)
  9326 | Lair:1   | Found a runed translucent gate.
  9429 | Lair:1   | Received a gift from Nemelex Xobeh
  9675 | Lair:1   | Mangled by a cane toad

Illustrated notes

Levels and vault maps discovered:
D:1:      minmay_arrival_pointy, layout_loops_ring, minmay_gold_behind_fungi
D:2:      layout_basic, dreamdust_ecumenical_altar_drowned_temple,
          hangedman_decor_clover_reticule, fountainhead,
          uniq_crazy_yiuf_cottage, uniq_jessica
D:3:      layout_loops_ring, general_overflow_altar, serial_bayou_pond_d
D:4:      layout_basic, nicolae_eternal_life, uniq_ijyb, uniq_sigmund
D:5:      layout_layer_cave, mainiacjoe_overflow_small_starburst,
          elyvilon_altar_1, serial_demonic, serial_demonic_e, serial_demonic_b,
          serial_demonic_e, serial_demonic_a, serial_demonic_e,
          serial_demonic_e, serial_demonic_g, serial_demonic_a,
          serial_demonic_d, serial_demonic_g, uniq_edmund
D:6:      layout_basic, nicolae_uskayaw_suspiria, ebering_ghost_rock_garden,
          minivault_22, uniq_menkaure
D:7:      layout_cave_pools, minmay_temple_entry_junction_2, hex_tiny,
          nicolae_kite_square_tiling_tiny
D:8:      gammafunk_corrupted_shrine, layout_loops_cross, lemuel_crystal_altar,
          minmay_lair_entry_grove, hangedman_misty_isle
Temple:   nicolae_temple_superstar
Lair:1:   layout_concentric_octagons, gammafunk_ghost_split, grunt_megastairs_3

Skill      XL: |  1  2  3  4  5  6  7  8  9 10 |
---------------+-------------------------------+-----
Axes           | 4 |  4.6
Dodging        | 4 5 6 7 |  7.2
Stealth        | 1 2 4 5 6 7 |  7.3
Staves         | 1 3 4 7 9 11 | 11.4
Fighting       | 4 5 6 7 |  7.2
Armour         | 3 5 6 |  6.9

Action                     |  1- 3 |  4- 6 |  7- 9 | 10-12 || total
---------------------------+-------+-------+-------+-------++-------
  Melee: Hand axe          |    78 |    19 |       |       ||    97
         Kick              |    15 |    16 |    57 |    51 ||   139
         Peck              |    11 |     8 |    62 |    37 ||   118
         Punch             |       |     1 |       |       ||     1
         Quarterstaff      |       |    63 |   242 |   170 ||   475
 Invoke: Draw Destruction  |       |       |     1 |       ||     1
         Draw Escape       |       |       |       |     1 ||     1
    Use: Scroll            |     1 |       |     9 |     2 ||    12
         Potion            |       |       |    10 |       ||    10
   Stab: Sleeping          |     6 |    18 |    10 |     2 ||    36
         Paralysed         |       |     1 |       |       ||     1
         Confused          |       |       |     1 |     1 ||     2
         Petrifying        |       |       |     1 |       ||     1
 Armour: Robe              |    29 |    26 |    40 |       ||    95
         Chain mail        |       |       |   148 |   106 ||   254
  Dodge: Dodged            |    83 |    60 |   242 |   116 ||   501
